 Seeded DCSS version 0.27.1-33-g824d729ab1 (webtiles) character file.

Game seed: 1804034943127337514 (custom seed)

28 croobank the Sneak (level 3, -6/29 HPs)
             Began as a Demonspawn Delver on Dec 12, 2021.
             Mangled by a scorpion (8 damage)
             ... on level 3 of the Dungeon.
             The game lasted 00:05:16 (533 turns).

croobank the Sneak (Demonspawn Delver)               Turns: 533, Time: 00:05:16

Health: -6/29      AC:  4    Str: 13    XL:     3   Next: 0%
Magic:  3/3        EV: 12    Int: 13    God:
Gold:   28         SH:  0    Dex: 14    Spells: 2/2 levels left

rFire    . . .     SeeInvis .   a - +0 spear
rCold    . . .     Faith    .   (no shield)
rNeg     . . .     Spirit   .   b - +0 leather armour
rPois    .         Reflect  .   (no helmet)
rElec    .         Harm     .   k - +0 cloak
rCorr    .         Rampage  .   (no gloves)
Will     .....                  (no boots)
Stlth    +++.......             (no amulet)
HPRegen  0.09/turn              (no ring)
MPRegen  0.16/turn              (no ring)

@: lethally poisoned (-6 -> -16), attractive
A: magic regeneration, big brain 1
a: no special abilities


You were on level 3 of the Dungeon.
You visited 1 branch of the dungeon, and saw 3 of its levels.

You collected 28 gold pieces.

Inventory:

Hand Weapons
 a - a +0 spear (weapon)
Missiles
 l - 21 poisoned darts (quivered)
Armour
 b - a +0 leather armour (worn)
 k - a +0 cloak (worn)
Magical Staves
 m - a staff of conjuration
Wands
 g - a wand of digging (3)
 h - a wand of mindburst (4)
Scrolls
 c - a scroll of fog
 d - a scroll of magic mapping
 e - a scroll of fear
 i - a scroll of amnesia {unknown}
Potions
 f - a potion of haste


   Skills:
 + Level 3.1 Fighting
 + Level 1.9 Polearms
 + Level 1.9 Dodging
 + Level 5.2 Stealth


You had 2 spell levels left.
You didn't know any spells.
Your spell library contained the following spells:

 Spells                   Type           Power      Damage    Failure   Level
 Foxfire                  Conj/Fire      0%         2x1d4     36%         1
 Conjure Flame            Conj/Fire      0%         6-21      75%         3
 Inner Flame              Hex/Fire       0%         N/A       75%         3


Dungeon Overview and Level Annotations

Branches:
Dungeon (5/15)
 Temple: D:4-7

Altars:


Innate Abilities, Weirdness & Mutations

You regenerate magic rapidly.
You have an unusually large brain. (Int +2)


Message History

You pick up a book of Flames and begin reading...
You add the spells Foxfire, Conjure Flame and Inner Flame to your library.
Found a stone staircase leading up.
A scorpion is nearby!
Found an escape hatch in the floor.
The scorpion stings you but does no damage.
You hit the scorpion.
The scorpion is lightly wounded.
The scorpion stings you.
You hit the scorpion.
The scorpion is heavily wounded.
The scorpion closely misses you.
You barely miss the scorpion.
The scorpion is heavily wounded.
The scorpion stings you. The scorpion closely misses you.
You hit the scorpion.
The scorpion is heavily wounded.
The scorpion stings you.
You hit the scorpion but do no damage.
The scorpion is heavily wounded.
The scorpion closely misses you.
You hit the scorpion.
The scorpion is severely wounded.
The scorpion stings you.
You hit the scorpion.
The scorpion is almost dead.
The scorpion stings you.
* * * LOW HITPOINT WARNING * * *
You are lethally poisoned!
The scorpion poisons you! The scorpion closely misses you.
You hit the scorpion.
The scorpion is almost dead.
* * * LOW HITPOINT WARNING * * *
You feel very sick. The scorpion closely misses you.
It was a potion of attraction.
You feel attractive to monsters.
* * * LOW HITPOINT WARNING * * *
You feel sick. The scorpion stings you!
You die...

.....##...##....# ..# #.##......
.....##.........#... ... #......
.....##.........#... .####......
..................# ....<......
.....###.###....#.## ..##........
.....#...# #.#.....#......#......
.......#####.#......<# #......
.....###........s....# #......
.........###...#@..#... .#......
.....######...##........#........
......###....####.#####>####.##..
..........##.# #.# ##.....
#......#####.# #.###### ...##...
#.#.#...####.####...<..####......
....#.#.#.....##........###......
#.###.#.....>.#..........##.>....
...............).........##......


You could see a scorpion.

Vanquished Creatures
  2 adders (D:3)
  A worm (D:3)
  2 endoplasms (D:3)
  2 goblins (D:3)
  2 ball pythons (D:3)
9 creatures vanquished.

Notes
Turn   | Place    | Note
-------+----------+-------------------------------------------
     0 | D:5      | croobank the Demonspawn Delver began the quest for the Orb.
     0 | D:5      | Reached XP level 1. HP: 18/18 MP: 1/1
    98 | D:3      | Gained mutation: You have an unusually large brain. (Int
                  | +2) [demonic ancestry]
    98 | D:3      | Reached XP level 2. HP: 14/24 MP: 2/2
   291 | D:3      | Reached skill level 5 in Stealth
   348 | D:3      | Noticed a scorpion
   483 | D:3      | Gained mutation: You regenerate magic rapidly. [demonic
                  | ancestry]
   483 | D:3      | Reached XP level 3. HP: 29/29 MP: 3/3
   533 | D:3      | Mangled by a scorpion

Illustrated notes

Levels and vault maps discovered:
D:3:      layout_rooms
D:4:      layout_cave_pools, mainiacjoe_overflow_alcove_4,
          minmay_fractal_squares_gapless_5
D:5:      layout_gridville, mainiacjoe_overflow_small_starburst,
          minmay_temple_entry_glass, kennysheep_generic_room_7

Skill      XL: |  1  2 |
---------------+-------+-----
Stealth        | 5 |  5.2
Fighting       | |  3.1
Polearms       | |  1.9
Dodging        | |  1.9

Action                   || total
-------------------------++-------
Melee: Spear             ||    46
  Use: Potion            ||     1
 Stab: Sleeping          ||     2
Armor: Leather armour    ||     8
Dodge: Dodged            ||    29
